 Dungeon Crawl Stone Soup version 0.31-a0-175-g9f7f995f2b (webtiles) character file.

Game seed: 7237401580652322848

149926 Ge0ff the Stormcaller (level 17, -4/120 HPs)
             Began as a Barachi Conjurer on June 15, 2023.
             Was an Initiate of Gozag.
             Slain by a seven-headed hydra (9 damage)
             ... on level 4 of the Swamp on June 16, 2023.
             The game lasted 01:27:07 (54717 turns).

Ge0ff the Stormcaller (Barachi Conjurer)           Turns: 54717, Time: 01:27:08

Health: -4/120     AC: 13    Str:  9    XL:     17   Next: 52%
Magic:  25/35      EV: 15    Int: 31    God:    Gozag
Gold:   8451       SH:  6    Dex: 20    Spells: 10/44 levels left

rFire   + . .        a - +11 short sword of Oritwaot {venom, Dex+6}
rCold   + . .        k - +0 buckler
rNeg    . . .        t - +2 robe {rC+ rF+}
rPois   .            Q - +0 helmet
rElec   .            m - +0 cloak
rCorr   .            e - +1 pair of gloves {infuse}
SInv    .            G - +0 pair of boots
Will    +....        w - amulet of regeneration
Stlth   ++           r - +6 ring of intelligence {=R}
HPRegen 1.20/turn    I - ring "Ejaytzem" {AC+4 Dex+2}
MPRegen 0.24/turn

%: infuse magic (1 MP)
@: slightly contaminated, studying Stealth, slow
A: amphibious, slowness 1, strong legs 2, +LOS
a: Hop, Renounce Religion, Potion Petition, Call Merchant, Bribe Branch


You were on level 4 of the Swamp.
You worshipped Gozag.
Gozag was greatly pleased with you.
You visited 5 branches of the dungeon, and saw 27 of its levels.

You collected 9873 gold pieces.
You spent 1384 gold pieces at shops.
You paid 38 gold pieces to Gozag.

Inventory:

Hand Weapons
 a - the +11 short sword of Oritwaot (weapon) {venom, Dex+6}
   (You found it on level 5 of the Lair of Beasts)

   Dex:       It affects your dexterity (+6).
 b - the +1 trident "Waagear" {drain, *Rage rF+ rC+ rCorr}
   (You found it on level 5 of the Dungeon)

   rF:        It protects you from fire.
   rC:        It protects you from cold.
   *Rage:     It berserks you when you make melee attacks (+20% chance).
   rCorr:     It protects you from acid and corrosion.
Missiles
 g - 4 throwing nets {=F}
 v - 8 curare-tipped darts {=F}
Armour
 e - a +1 pair of gloves of infusion (worn)
 k - a +0 buckler (worn)
 m - a +0 cloak (worn)
 t - a +2 robe of resistance (worn)
 x - a +2 kite shield of reflection
 G - a +0 pair of boots (worn)
 Q - a +0 helmet (worn)
 S - the +1 helmet of the Changing Gods {Harm rElec Str+5 Int-4}
   (You found it on level 1 of the Lair of Beasts)

   Str:       It affects your strength (+5).
   Int:       It affects your intelligence (-4).
   rElec:     It insulates you from electricity.
   Harm:      It increases damage dealt and taken.
 U - a +2 robe of willpower
Jewellery
 h - a ring of poison resistance
 r - a +6 ring of intelligence (left hand) {=R}
 w - an amulet of regeneration (around neck)
 A - a ring of see invisible
 I - the ring "Ejaytzem" (right hand) {AC+4 Dex+2}
   (You took it off an efreet on level 11 of the Dungeon)

   [ring of protection]

   AC:        It affects your AC (+4).
   Dex:       It affects your dexterity (+2).
 Y - a ring of positive energy
Wands
 d - a wand of digging (6)
 f - a wand of flame (89)
 j - a wand of quicksilver (12)
 p - a wand of paralysis (25)
 s - a wand of mindburst (30)
 P - a wand of polymorph (9)
Scrolls
 i - 4 scrolls of identify
 y - 2 scrolls of immolation
 B - 4 scrolls of blinking
 C - 3 scrolls of poison
 D - a scroll of enchant armour
 E - 3 scrolls of fear
 F - 3 scrolls of fog
 J - a scroll of silence {!r}
 T - 9 scrolls of teleportation
 V - 2 scrolls of vulnerability
Potions
 o - a potion of ambrosia
 q - 6 potions of curing
 u - 5 potions of mutation {!q}
 z - a potion of brilliance
 H - 3 potions of haste {!q}
 K - 2 potions of magic {!q}
 L - 2 potions of lignification
 M - 7 potions of might
 N - 2 potions of cancellation {!q}
 R - 2 potions of resistance
 W - 7 potions of heal wounds {!q}
 X - 6 potions of enlightenment
 Z - a potion of berserk rage {!q}
Miscellaneous
 c - a condenser vane
 l - a lightning rod (4/4)
 n - a phial of floods
 O - a sack of spiders


   Skills:
 + Level 7.0 Fighting
 - Level 3.0 Throwing
 + Level 2.5 Armour
 + Level 5.6 Dodging
 - Level 2.0 Stealth
 + Level 6.7 Shields
 + Level 14.0 Spellcasting
 * Level 13.0 Conjurations
 - Level 5.0 Hexes
 * Level 13.1 Summonings
 - Level 3.0 Translocations
 + Level 5.9 Transmutations
 - Level 15.0 Fire Magic
 - Level 15.0 Air Magic
 - Level 2.3 Invocations
 - Level 4.0 Evocations


You had 10 spell levels left.
You knew the following spells:

 Your Spells              Type           Power      Damage    Failure   Level
d - Iskenderun's Mystic   Conj/Tloc      64%        2d13      1%          4
e - Irradiate             Conj/Tmut      34%        3d23      1%          5
g - Apportation           Tloc           80%        N/A       1%          1
m - Plasma Beam           Fire/Air       43%        2x1d57    1%          6
s - Spellforged Servitor  Conj/Summ      40%        N/A       12%         7
B - Blink                 Tloc           80%        N/A       1%          2
C - Fulminant Prism       Conj/Hex       33%        3d16      1%          4
E - Arcjolt               Conj/Air       41%        1d51      1%          5

Your spell library contained the following spells:

 Spells                   Type           Power      Damage    Failure   Level
 Magic Dart               Conj           100%       1d8       0%          1
 Summon Small Mammal      Summ           100%       N/A       0%          1
 Static Discharge         Conj/Air       100%       2-7/arc   0%          2
 Sting                    Tmut/Pois      100%       1d8       1%          1
 Cigotuvi's Dreadful Rot  Necr/Pois/Air  100%       N/A       1%          2
 Ensorcelled Hibernation  Hex/Ice        74%        N/A       1%          2
 Lesser Beckoning         Tloc           80%        N/A       1%          2
 Momentum Strike          Conj/Tloc      100%       3d10      1%          2
 Passwall                 Tmut/Erth      33%        N/A       1%          2
 Poisonous Vapours        Pois/Air       100%       N/A       1%          2
 Searing Ray              Conj           100%       2d8       1%          2
 Dazzling Flash           Conj/Hex       100%       N/A       1%          3
 Hailstorm                Conj/Ice       58%        3d13      1%          3
 Mephitic Cloud           Conj/Pois/Air  68%        N/A       1%          3
 Summon Guardian Golem    Hex/Summ       67%        N/A       1%          3
 Swiftness                Air            86%        N/A       1%          3
 Vhi's Electric Charge    Tloc/Air       100%       N/A       1%          3
 Airstrike                Air            43%        2d(7-23)  1%          4
 Summon Lightning Spire   Summ/Air       83%        N/A       1%          4
 Iskenderun's Battlesphe  Conj           80%        2d13      1%          5
 Spider Form              Tmut/Pois      40%        N/A       2%          3
 Freeze                   Ice            84%        1d9       3%          1
 Necrotise                Necr           84%        1d8       3%          1
 Cause Fear               Hex            26%        N/A       3%          4
 Sublimation of Blood     Necr           21%        N/A       4%          2
 Frozen Ramparts          Ice            42%        1d7       9%          3
 Ozocubu's Armour         Ice            21%        N/A       9%          3
 Petrify                  Tmut/Erth      40%        N/A       9%          4
 Anguish                  Hex/Necr       18%        N/A       11%         4
 Orb of Destruction       Conj           40%        9d11      12%         7
 Dispel Undead            Necr           21%        3d11      30%         4
 Leda's Unmaking          Conj/Erth      29%        9d5       32%         6
 Dragon Form              Tmut           28%        N/A       92%         7
 Death Channel            Necr           10%        N/A       99%         6
 Ozocubu's Refrigeration  Ice            10%        4d9       100%        7
 Dragon's Call            Summ           40%        N/A       100%        9


Dungeon Overview and Level Annotations

Branches:
Dungeon (15/15) Zot: 24764  Temple (1/1) D:4 Zot: 5714    Lair (5/5) D:10 Zot: 10932
  Swamp (4/4) Lair:2 Zot: 18786   Snake (0/4) Lair:2        Slime (0/5) Lair:4
    Orc (2/2) D:12 Zot: 6743     Elf (0/3) Orc:2        Vaults (0/5) D:14
 Depths (0/4) D:15

Altars:
Ashenzari
Cheibriados
Dithmenos
Elyvilon
Fedhas
Gozag
Hepliaklqana
Kikubaaqudgha
Makhleb
Nemelex Xobeh
Okawaru
Qazlal
Ru
Sif Muna
Trog
Uskayaw
Vehumet
Wu Jian
Xom
Yredelemnul
Zin
The Shining One

Shops:
Orc:1 ??[   Orc:2 [:(*

Annotations:
Swamp:4 Mara


Innate Abilities, Weirdness & Mutations

You are amphibious.
You cover ground slowly.
You can hop long distances.
You have an extended range of vision and can be seen from far away.


Message History

The seven-headed hydra closely misses you. x2
The seven-headed hydra bites you but does no damage.
The seven-headed hydra closely misses you.
The seven-headed hydra bites you! The seven-headed hydra bites you.
You block the seven-headed hydra's attack.
The seven-headed hydra bites you but does no damage.
The seven-headed hydra bites you. x3; The seven-headed hydra bites you!
You hear a deafening roar!
There is a stone staircase leading up, spattered with blood here.
Casting: Plasma Beam (dangerous; 1% risk of failure)
Confirm with . or Enter, or press ? or * to list all spells.
You erupt in a fountain of uncontrolled magic!
The seven-headed hydra is blasted with magical radiation!
The seven-headed hydra is lightly wounded.
The alligator is blasted with magical radiation!!
The alligator is moderately wounded.
The alligator twists and deforms.
You are very lightly contaminated with residual magic.
The alligator bites you! The alligator tail-slaps you.
A spriggan druid comes into view. It is wielding a +0 quarterstaff.
The seven-headed hydra bites you! The seven-headed hydra misses you.
The seven-headed hydra bites you!
You block the seven-headed hydra's attack.
The seven-headed hydra barely misses you.
The seven-headed hydra closely misses you.
The seven-headed hydra bites you! The alligator misses you.
The alligator tail-slaps you but does no damage.
Casting: Irradiate (mildly dangerous; 1% risk of failure)
Confirm with . or Enter, or press ? or * to list all spells.
You erupt in a fountain of uncontrolled magic!
The seven-headed hydra is blasted with magical radiation!
The seven-headed hydra is heavily wounded.
The alligator is blasted with magical radiation!!!
The alligator is severely wounded.
The alligator twists and deforms.
You are lightly contaminated with residual magic.
The spriggan druid shouts!
You hear a roar!
The alligator bites you!
* * * LOW HITPOINT WARNING * * *
The alligator closely misses you. The seven-headed hydra bites you.
* * * LOW HITPOINT WARNING * * *
The seven-headed hydra bites you!
* * * LOW HITPOINT WARNING * * *
The seven-headed hydra bites you.
* * * LOW HITPOINT WARNING * * *
The seven-headed hydra bites you!
* * * LOW HITPOINT WARNING * * *
The seven-headed hydra bites you!
You die...
Your body crumbles into a pile of gold.

.~~§..~♣ ~~.~♣. ~♣♣
♣♣~~~..♣♣♣♣♣ ~~~~.♣
....♣♣♣.~~~.♣ ♣~.♣♣.~~~..
~§~..~♣@~~.♣♣♣♣...~.~~§..
~~§)..R<.♣.~~..~~~..~~~~.
~~..~p~~~~~$~.$~~~~~~~~..
~~.~~p~~~.~~~~...~.~~~~~♣
.~§..~~$.~~.$..~.~~.~~~~♣
~~~.~~~.~~~~♣♣♣~@t..~~~♣
~.~♣~~.~~~~.♣ ♣♣♣D~~~~~♣
♣♣..~..~~~~.♣ ♣$x~~~~♣
♣.~~.♣♣~♣♣♣♣ ♣t$~..♣
♣~~~~♣ ♣♣♣ .i.k~~ ...♣♣
~~..~ ~~$D $$♣~ ~. $


You could see a bunyip, an alligator (misshapen), 2 seven-headed hydras, a ghost
crab, a spriggan druid and a swamp drake.

Vanquished Creatures
  Saint Roka (Orc:2)
  Frances (Swamp:2)
  A thorn hunter (Swamp:1)
  3 fenstrider witches (Swamp:2)
  Louise (Swamp:3)
  An orc warlord (Orc:2)
  2 eleionomae (Swamp:1)
  2 bunyips (Swamp:3)
  An ice dragon (D:12)
  Erolcha (D:12)
  15 hydras
  4 boulder beetles
  2 ogre magi
  A catoblepas (Lair:1)
  4 alligators
  A death knight (D:15)
  10 centaur warriors
  5 death yaks (Lair:4)
  8 two-headed ogres
  A tengu warrior (D:15)
  Sonja (Orc:1)
  The ghost of Koushar the Nimble, a journeyman FeTm of Gozag (D:12)
  6 orc high priests (Orc:2)
  A fire crab (Lair:3)
  The ghost of senseless the Thaumaturge, a novice DEFE of Vehumet (D:8)
  5 skysharks
  4 goliath frogs
  3 spriggan druids
  3 swamp dragons (Swamp:4)
  2 bog bodies
  A lindwurm (Lair:2)
  A nameless horror (Swamp:2)
  3 necromancers
  A wizard (D:15)
  A deep elf zephyrmancer (D:14)
  5 orc sorcerers (Orc:2)
  5 deep elf pyromancers
  A manticore (D:11)
  4 orc knights (Orc:2)
  A wolf spider zombie (D:15)
  A wolf spider (D:11)
  4 oklob plants
  6 ugly things
  8 cyclopes
  A salamander (D:10)
  3 will-o-the-wisps
  10 black mambas
  2 naga magi (D:15)
  A black mamba (shapeshifter) (D:13)
  8 elephants
  2 centaur zombies (D:15)
  21 cane toads
  2 gargoyles (D:13)
  Psyche (D:8)
  3 rime drakes
  A komodo dragon (shapeshifter) (D:15)
  15 komodo dragons
  An efreet (D:11)
  2 tengu conjurers
  3 ice devils (D:12)
  A queen bee (shapeshifter) (D:15)
  A troll (shapeshifter) (D:11)
  9 trolls
  40 blink frogs
  4 polar bears
  11 tyrant leeches
  A snapping turtle (shapeshifter) (D:13)
  3 hornets
  5 dream sheep (Lair:5)
  5 shadows
  8 centaur simulacra (D:12)
  14 slime creatures
  A wyvern (Lair:4)
  5 spriggans
  2 wraiths (D:11)
  Eustachio (D:5)
  28 yaks
  7 basilisks
  Grum (D:8)
  A human (Swamp:2)
  2 steam dragons
  15 vampire mosquitoes
  4 wargs
  10 swamp worms
  26 water moccasins
  An acid dragon (D:10)
  A swamp drake (Swamp:4)
  2 ice beasts
  A black bear (D:6)
  3 sky beasts
  27 orc warriors
  A meliai simulacrum (D:12)
  An elephant zombie (Lair:3)
  10 wolves
  10 ogres
  26 centaurs
  3 phantoms
  6 kobold brigands
  A komodo dragon zombie (Lair:3)
  17 bullfrogs
  2 scorpions
  4 gnoll sergeants
  18 wights
  5 killer bees (D:10)
  4 electric eels (Lair:3)
  4 howler monkeys
  5 hounds
  9 jellies
  21 orc priests
  Crazy Yiuf (D:7)
  Jessica (D:2)
  4 iguanas
  A boggart zombie (D:15)
  5 sleepcaps
  17 orc wizards
  A boggart skeleton (D:15)
  16 gnolls
  15 adders
  3 shadow imps
  A howler monkey simulacrum (D:11)
  2 worms (D:2)
  61 orcs
  3 ball pythons
  24 endoplasms
  3 giant cockroaches (D:1)
  5 hobgoblins
  7 jackals
  15 kobolds
  2 quokkas
  8 bats
  5 frilled lizards
  7 goblins
  5 rats
809 creatures vanquished.

Vanquished Creatures (collateral kills)
  A tentacled monstrosity (Swamp:4)
  Kirke (Swamp:4)
  Donald (Swamp:2)
  A bunyip (Swamp:2)
  An eleionoma (Swamp:4)
  A spriggan (Swamp:2)
  A goliath frog (Swamp:1)
  2 spriggan druids
  2 ugly things (D:15)
  A will-o-the-wisp (Swamp:4)
  A hornet (Swamp:2)
  2 tyrant leeches (Swamp:2)
  5 slime creatures (D:15)
  4 swamp worms
  An orc warrior (Orc:2)
  A swamp drake (Swamp:4)
26 creatures vanquished.

Vanquished Creatures (others)
  3 humans (Swamp:4)
  A water moccasin (Lair:4)
  10 foxfires
  65 fulminant prisms
79 creatures vanquished.

Grand Total: 914 creatures vanquished

Notes
Turn   | Place    | Note
-------+----------+-------------------------------------------
     0 | D:1      | Ge0ff the Barachi Conjurer began the quest for the Orb.
     0 | D:1      | Reached XP level 1. HP: 13/13 MP: 3/3
   119 | D:1      | Reached skill level 1 in Fighting
   219 | D:1      | Reached XP level 2. HP: 10/21 MP: 0/5
   225 | D:1      | Learned a level 2 spell: Searing Ray
   868 | D:1      | Reached skill level 5 in Conjurations
  1138 | D:2      | Reached XP level 3. HP: 26/26 MP: 0/7
  1413 | D:2      | Reached XP level 4. HP: 32/32 MP: 3/8
  1736 | D:2      | Found a faded altar of an unknown god.
  1906 | D:2      | Noticed Jessica
  1917 | D:2      | Killed Jessica
  1918 | D:2      | Reached XP level 5. HP: 37/37 MP: 0/9
  2581 | D:3      | Found a basalt altar of Yredelemnul.
  2916 | D:3      | Found a white marble altar of Elyvilon.
  3374 | D:3      | Found a snail-covered altar of Cheibriados.
  3374 | D:3      | Found an opulent altar of Gozag.
  3379 | D:3      | Found a hazy altar of Hepliaklqana.
  3379 | D:3      | Found a radiant altar of Vehumet.
  3386 | D:3      | Became a worshipper of Gozag Ym Sagoz the Greedy
  3637 | D:4      | Noticed a centaur
  3791 | D:4      | Reached XP level 6. HP: 12/43 MP: 1/10
  3915 | D:4      | Learned a level 4 spell: Iskenderun's Mystic Blast
  4232 | D:4      | HP: 2/43 [centaur/arrow (6)]
  4548 | D:4      | Reached XP level 7. HP: 49/50 MP: 0/11
  4599 | D:4      | Reached skill level 1 in Translocations
  4744 | D:4      | Found a staircase to the Ecumenical Temple.
  4760 | Temple   | Entered the Ecumenical Temple
  5545 | D:5      | Entered Level 5 of the Dungeon
  5599 | D:5      | Noticed Eustachio
  5643 | D:4      | Learned a level 4 spell: Fulminant Prism
  5656 | D:5      | Reached skill level 1 in Hexes
  5815 | D:5      | Killed Eustachio
  5856 | D:5      | Reached XP level 8. HP: 56/56 MP: 8/12
  6146 | D:5      | Identified the +1 trident "Waagear" {drain, *Rage rF+ rC+
                  | rCorr}
  6255 | D:5      | Reached skill level 5 in Hexes
  7369 | D:6      | Reached skill level 10 in Conjurations
  7369 | D:6      | Reached skill level 1 in Evocations
  7369 | D:6      | Reached XP level 9. HP: 63/63 MP: 7/15
  7381 | D:6      | Learned a level 5 spell: Arcjolt
  7642 | D:6      | Reached skill level 1 in Air Magic
  8461 | D:7      | Reached skill level 5 in Spellcasting
  8830 | D:7      | Reached skill level 5 in Air Magic
  9906 | D:7      | Found a runed translucent door.
  9907 | D:7      | Noticed Crazy Yiuf
  9914 | D:7      | Killed Crazy Yiuf
 10017 | D:8      | Noticed Grum
 10025 | D:8      | Reached XP level 10. HP: 44/70 MP: 4/17
 11443 | D:8      | Killed Grum
 11581 | D:8      | Noticed a two-headed ogre
 11590 | D:8      | Killed a two-headed ogre
 11949 | D:8      | Noticed Psyche
 11954 | D:8      | Killed Psyche
 12309 | D:8      | Found a large runed translucent door.
 12309 | D:8      | Found a large runed translucent door.
 12311 | D:8      | Noticed senseless's ghost (novice DEFE)
 13195 | D:9      | You fall into a shaft and drop 1 floor!
 13195 | D:10     | Entered Level 10 of the Dungeon
 13325 | D:9      | Reached skill level 10 in Air Magic
 14551 | D:10     | Found a staircase to the Lair.
 14554 | D:10     | Noticed an oklob plant
 14727 | D:10     | Killed an oklob plant
 14956 | D:10     | Learned a level 6 spell: Plasma Beam
 15002 | D:10     | Found a sparkling altar of Nemelex Xobeh.
 15019 | D:10     | Reached skill level 1 in Fire Magic
 15019 | D:10     | Reached XP level 11. HP: 75/75 MP: 6/21
 15202 | D:10     | Noticed Harold
 15206 | D:10     | Harold changed into Harold the salamander
 15206 | D:10     | Noticed Harold
 15227 | D:10     | Killed Harold the salamander
 16047 | D:11     | Found a stormy altar of Qazlal.
 16181 | D:11     | Reached skill level 5 in Fire Magic
 16274 | D:11     | Noticed a cyclops
 16283 | D:11     | Noticed a two-headed ogre
 16293 | D:11     | Killed a two-headed ogre
 16428 | D:11     | Killed a cyclops
 16934 | D:11     | Noticed a cyclops
 16943 | D:11     | Killed a cyclops
 16951 | D:11     | Identified the ring "Ejaytzem" {AC+4 Dex+2}
 17191 | D:11     | Noticed a centaur warrior
 17267 | D:11     | Killed a centaur warrior
 17391 | D:11     | Noticed a cyclops
 17392 | D:11     | Killed a cyclops
 17515 | D:11     | Noticed an ogre mage
 17520 | D:11     | Killed an ogre mage
 17547 | D:11     | Noticed a centaur warrior
 17548 | D:11     | Killed a centaur warrior
 17549 | D:11     | Reached skill level 10 in Fire Magic
 17549 | D:11     | Reached XP level 12. HP: 81/81 MP: 8/22
 17751 | D:11     | Noticed a centaur warrior
 17753 | D:11     | Killed a centaur warrior
 17805 | D:11     | Identified the +1 quarterstaff of Foulegan {drain, Contam
                  | Str+2 Int+6}
 17805 | D:11     | Noticed a centaur warrior
 18091 | D:11     | Killed a centaur warrior
 18255 | D:11     | Noticed a shock serpent
 18258 | D:11     | a shock serpent changed into a shapeshifter
 19105 | D:11     | Found a stormy altar of Qazlal.
 19469 | D:8      | Killed senseless's ghost
 19681 | Lair:1   | Entered Level 1 of the Lair of Beasts
 20200 | Lair:1   | Identified the +1 helmet of the Changing Gods {Harm rElec
                  | Str+5 Int-4}
 20441 | Lair:1   | Reached skill level 1 in Throwing
 21013 | Lair:1   | Noticed a catoblepas
 21129 | Lair:1   | Killed a catoblepas
 22266 | Lair:2   | Gained mutation: You can hop long distances. [Barachi
                  | growth]
 22266 | Lair:2   | Reached XP level 13. HP: 80/90 MP: 19/24
 22695 | Lair:2   | Reached skill level 5 in Fighting
 22717 | Lair:2   | Upgraded the game from 0.31-a0-174-g85c54bcb58 to
                  | 0.31-a0-175-g9f7f995f2b
 23171 | Lair:2   | Reached skill level 5 in Dodging
 25452 | Lair:2   | Found a staircase to the Snake Pit.
 25607 | Lair:2   | Found a staircase to the Swamp.
 28812 | Lair:4   | Reached XP level 14. HP: 89/98 MP: 16/27
 29118 | Lair:4   | Reached skill level 10 in Spellcasting
 31468 | Lair:4   | Reached skill level 15 in Air Magic
 32123 | Lair:4   | Identified a scroll of acquirement
 32130 | Lair:4   | Acquired 541 gold pieces
 32272 | Lair:4   | Found a staircase to the Slime Pits.
 32703 | Lair:4   | Learned a level 2 spell: Blink
 32711 | Lair:4   | Learned a level 7 spell: Spellforged Servitor
 32773 | Lair:5   | Entered Level 5 of the Lair of Beasts
 32898 | Lair:4   | Reached skill level 1 in Summonings
 32970 | Lair:4   | Reached skill level 15 in Fire Magic
 33892 | Lair:5   | Reached skill level 5 in Summonings
 33948 | Lair:5   | Reached XP level 15. HP: 103/103 MP: 23/30
 35139 | Lair:5   | Identified the +11 short sword of Oritwaot {venom, Dex+6}
 37151 | D:12     | Noticed Koushar's ghost (journeyman FeTm)
 37166 | D:12     | Found a runed translucent gate.
 37166 | D:12     | Found a runed translucent gate.
 37179 | D:12     | Found a runed translucent gate.
 37191 | D:12     | Noticed Erolcha
 37192 | D:12     | Killed Erolcha
 37955 | D:12     | Found a staircase to the Orcish Mines.
 38259 | D:12     | Killed Koushar's ghost
 38726 | Orc:1    | Entered Level 1 of the Orcish Mines
 38729 | Orc:1    | Noticed Sonja
 38865 | Orc:1    | Killed Sonja
 39055 | Orc:1    | Found Donutriu's Antique Armour Shoppe.
 39070 | Orc:1    | Bought a buckler for 103 gold pieces
 39252 | Orc:1    | Bought an embroidered robe for 85 gold pieces
 39252 | Orc:1    | Bought an embroidered robe for 85 gold pieces
 39264 | Orc:1    | Bought a pair of boots for 103 gold pieces
 39293 | Orc:2    | Entered Level 2 of the Orcish Mines
 39562 | Orc:2    | Found Zepuh's Book Boutique.
 39562 | Orc:2    | Found Neggenan's Antique Armour Emporium.
 39564 | Orc:2    | Reached skill level 1 in Shields
 39565 | Orc:2    | Noticed Saint Roka
 39566 | Orc:2    | Noticed an orc warlord
 40484 | Orc:2    | Killed Saint Roka
 40485 | Orc:2    | Reached skill level 10 in Summonings
 40698 | Orc:2    | Paralysed by an orc sorcerer for 3 turns
 41215 | Orc:2    | Killed an orc warlord
 41494 | Orc:2    | Bought a book of Alchemy for 420 gold pieces
 41496 | Orc:2    | Learned a level 1 spell: Apportation
 41502 | Orc:2    | Learned a level 5 spell: Irradiate
 41796 | Orc:1    | Found Qomamify's Magic Scroll Shoppe.
 41927 | Orc:1    | Bought a scroll of amnesia for 60 gold pieces
 41927 | Orc:1    | Bought a scroll of amnesia for 60 gold pieces
 41927 | Orc:1    | Bought a scroll of fear for 60 gold pieces
 41927 | Orc:1    | Bought a scroll of poison for 60 gold pieces
 41927 | Orc:1    | Bought a scroll of fear for 60 gold pieces
 41927 | Orc:1    | Bought a scroll of identify for 30 gold pieces
 42074 | Orc:1    | Found Qiseir's Magic Scroll Emporium.
 42077 | Orc:1    | Bought a scroll of immolation for 60 gold pieces
 42077 | Orc:1    | Bought a scroll of teleportation for 45 gold pieces
 42077 | Orc:1    | Bought a scroll of teleportation for 45 gold pieces
 42150 | Orc:2    | Found a staircase to the Elven Halls.
 42786 | Orc:2    | Found Gumeenub's Antique Weapon Shoppe.
 43068 | Orc:2    | Reached skill level 1 in Transmutations
 43710 | Orc:2    | Found Enesoiguku's General Store.
 43720 | Orc:2    | Bought a scroll of teleportation for 36 gold pieces
 43720 | Orc:2    | Bought a scroll of identify for 24 gold pieces
 43720 | Orc:2    | Bought a potion of might for 48 gold pieces
 44038 | D:13     | Reached skill level 1 in Invocations
 44193 | D:13     | Reached XP level 16. HP: 109/109 MP: 26/33
 45162 | D:13     | Got the Codex of Poisoning and the Birds
 45475 | D:13     | Found a shadowy altar of Dithmenos.
 46403 | D:14     | Found a burning altar of Makhleb.
 46966 | D:14     | Found a gate to the Vaults.
 47112 | D:15     | Entered Level 15 of the Dungeon
 48657 | D:15     | Reached skill level 5 in Shields
 48931 | D:15     | Found a sparkling altar of Nemelex Xobeh.
 49011 | D:15     | Found a staircase to the Depths.
 49286 | Swamp:1  | Entered Level 1 of the Swamp
 49435 | Swamp:1  | Noticed a thorn hunter
 49436 | Swamp:1  | Killed a thorn hunter
 51012 | Swamp:2  | Noticed a fenstrider witch
 51015 | Swamp:2  | Killed a fenstrider witch
 51162 | Swamp:2  | Noticed a fenstrider witch
 51172 | Swamp:2  | Noticed a fenstrider witch
 51175 | Swamp:2  | Killed a fenstrider witch
 51175 | Swamp:2  | Killed a fenstrider witch
 51176 | Swamp:2  | Reached skill level 5 in Transmutations
 51176 | Swamp:2  | Reached XP level 17. HP: 117/117 MP: 20/34
 51375 | Swamp:2  | Found a runed translucent door.
 51549 | Swamp:2  | Noticed Donald
 51561 | Swamp:2  | Killed Donald
 51565 | Swamp:2  | Noticed Frances
 51570 | Swamp:2  | Killed Frances
 51701 | Swamp:2  | Identified the +2 quarterstaff of Peril {pain, rC+ Stlth+}
 53054 | Swamp:3  | Reached skill level 1 in Armour
 53381 | Swamp:3  | Noticed Louise
 53386 | Swamp:3  | Killed Louise
 54101 | Swamp:4  | Entered Level 4 of the Swamp
 54101 | Swamp:4  | Noticed a tentacled monstrosity
 54110 | Swamp:4  | Killed a tentacled monstrosity
 54111 | Swamp:4  | Noticed Kirke
 54123 | Swamp:4  | Killed Kirke
 54150 | Swamp:4  | Noticed Mara
 54279 | Swamp:4  | Noticed Ge0ff's illusion
 54717 | Swamp:4  | HP: 5/120 [seven-headed hydra (13)]
 54717 | Swamp:4  | Slain by a seven-headed hydra

Illustrated notes

Levels and vault maps discovered:
D:1:      minmay_arrival_glassed_features, layout_basic
D:2:      minmay_spotlight, layout_loops_corners,
          dilly_ecumenical_altar_fadedgnrine, minmay_joined_circles,
          uniq_jessica
D:3:      layout_basic, kennysheep_ying_yang, grunt_temple_overflow_open,
          serial_glass, glass_columns_a, glass_columns_b,
          kennysheep_decorative_pillar, serial_park_tiny_pond,
          kennysheep_pointless_box
D:4:      layout_basic, minmay_temple_entry_waves, minmay_misc_feat_square
D:5:      layout_rooms, abandoned_shop, chequers_serial_rivers_large_a,
          uniq_eustachio
D:6:      layout_gridville, chequers_decorated_corner
D:7:      minmay_general_purpose_star, layout_cave_pods,
          kennysheep_another_room, uniq_crazy_yiuf_cottage
D:8:      layout_basic, ebering_ghost_disaster_area, uniq_grum, uniq_psyche
D:9:      layout_long_grid
D:10:     layout_roguey, old_standard_altar, dpeg_oklobed_lair, uniq_harold
D:11:     minmay_the_grid_octo_triangle [minmay_the_grid_octo_77,
          minmay_the_grid_octo_prize_star,
          minmay_the_grid_octo_tetromino_candy], layout_gridville,
          grunt_qazlal_clouds
D:12:     layout_roguey, kennysheep_orc_monster_closet_entryway,
          gammafunk_ghost_icy, uniq_erolcha
D:13:     layout_basic, grunt_dithmenos_shadows
D:14:     layout_long_grid, david_vaults_1, basic_altar
D:15:     grunt_enter_depths_magical_seal, layout_cave_pools,
          nemelex_xobeh_ov_fountains_minmay
Temple:   regret_index_temple_generic_petals
Lair:1:   layout_roguey, chequers_serial_rivers_small_b
Lair:2:   lemuel_slime, layout_gridlike, swamp_mist,
          minmay_snake_entry_six_corridors, serial_bayou_shore_b
Lair:3:   pond_and_an_island_with_a_cottage, layout_concentric_octagons,
          nicolae_quartered_pool_super
Lair:4:   nzn_winding_woodlands_stair_cross [nzn_winding_woodlands_5x15_crooked,
          nzn_winding_woodlands_center_lodge, nzn_winding_woodlands_5x15_parted,
          nzn_winding_woodlands_5x5_checkerboard,
          nzn_winding_woodlands_5x5_cross, nzn_winding_woodlands_5x15_cabin,
          nzn_winding_woodlands_center_triple_pond,
          nzn_winding_woodlands_5x15_default], layout_small_grid,
          minmay_slime_entry_oklob_enclosed, wad_woods_road_02,
          beast_lair_carwin_6
Lair:5:   minmay_lair_end_frog_pond, layout_cave_shapes, serial_bayou_shore_b,
          grunt_megastairs_3
Swamp:1:  layout_basic_swamp, evilmike_swamp_ruin_house_5
Swamp:2:  layout_falls_marsh, hangedman_swamp_ruin_hall,
          nzn_swamp_weyward_sisters, uniq_donald, uniq_frances
Swamp:3:  layout_basic_swamp, evilmike_swamp_ruin_house_1, uniq_louise
Swamp:4:  swamp, layout_basic_swamp, swamp_pool1, roderic_carrion_pond,
          uniq_kirke, uniq_mara
Orc:1:    layout_caves, serial_shops, shop, nicolae_shop_rolling_square,
          nicolae_shop_rolled_up, uniq_sonja
Orc:2:    grunt_orc_gardens, layout_diamond_mine, grunt_orc_garden,
          grunt_orc_garden, grunt_orc_garden, grunt_orc_garden,
          hellmonk_bongcloud_opening, minmay_orc_temple_c, uniq_saint_roka

Skill      XL: |  1  2  3  4  5  6  7  8  9 10 11 12 13 14 15 16 17 |
---------------+----------------------------------------------------+-----
Stealth        | 2 |  2.0
Fighting       | 1 2 3 4 5 6 7 |  7.0
Conjurations   | 5 6 7 8 10 12 13 | 13.0
Spellcasting   | 3 4 5 7 9 11 13 14 | 14.0
Dodging        | 3 4 5 |  5.6
Translocations | 2 3 |  3.0
Hexes          | 3 5 |  5.0
Evocations     | 1 3 4 |  4.0
Air Magic      | 8 11 12 14 15 | 15.0
Fire Magic     | 1 10 12 13 15 | 15.0
Throwing       | 2 3 |  3.0
Summonings     | 5 10 12 13 | 13.1
Shields        | 3 6 |  6.7
Transmutations | 1 5 |  5.9
Invocations    | 1 2 |  2.3
Armour         | 2 |  2.5

Action                     |  1- 3 |  4- 6 |  7- 9 | 10-12 | 13-15 | 16-18 || total
---------------------------+-------+-------+-------+-------+-------+-------++-------
  Melee: Unarmed           |    19 |       |       |       |       |       ||    19
         Dagger            |       |    42 |    28 |    43 |    52 |       ||   165
         Punch             |       |     1 |       |     1 |     2 |       ||     4
         Trident           |       |       |     8 |    42 |     9 |       ||    59
         Short sword       |       |       |       |       |    19 |    15 ||    34
   Cast: Magic Dart        |    42 |    77 |   134 |    52 |       |       ||   305
         Searing Ray       |     3 |    13 |    35 |    21 |       |       ||    72
         Iskenderun's Myst |       |       |     4 |    24 |    15 |     1 ||    44
         Arcjolt           |       |       |     4 |     3 |       |       ||     7
         Fulminant Prism   |       |       |     3 |    62 |       |       ||    65
         Plasma Beam       |       |       |       |    64 |   439 |   199 ||   702
         Irradiate         |       |       |       |       |     1 |    23 ||    24
         Spellforged Servi |       |       |       |       |     1 |    12 ||    13
Ability: Hop               |       |       |       |       |     1 |       ||     1
  Evoke: Wand              |       |       |     5 |    15 |     3 |     1 ||    24
         Phial of floods   |       |       |       |       |     1 |     1 ||     2
         Lightning rod     |       |       |       |       |     8 |     2 ||    10
         Condenser vane    |       |       |       |       |     2 |     1 ||     3
    Use: Scroll            |     1 |     5 |     5 |     9 |    14 |     1 ||    35
         Potion            |       |     3 |     3 |     1 |       |       ||     7
   Stab: Distracted        |       |       |       |       |     2 |       ||     2
 Armour: Robe              |     5 |    15 |     9 |    46 |    77 |    30 ||   182
         Skin              |       |     1 |       |       |       |       ||     1
  Dodge: Dodged            |    19 |    42 |    53 |   115 |   122 |    65 ||   416
  Block: Buckler           |       |       |       |       |       |    18 ||    18

Table legend: (Time is in decaauts)
 A = Elapsed time spent in this place.
 B = Non-inter-level travel time spent in this place.
 C = Inter-level travel time spent in this place.
 D = Time resting spent in this place.
 E = Time spent auto-exploring this place.
 F = Levels seen in this place.
 G = Mean time per level.
                   A        B        C        D        E       F      G
               +--------+--------+--------+--------+--------+-----+--------+
         Total |  59252 |  57213 |   2039 |  10848 |  40450 |  27 | 2194.5 |
       Dungeon |  29429 |  28333 |   1096 |   4277 |  20759 |  15 | 1961.9 |
        Temple |    285 |    252 |     33 |      0 |    247 |   1 |  285.0 |
          Lair |  19067 |  18366 |    701 |   4241 |  12495 |   5 | 3813.4 |
         Swamp |   5213 |   5119 |     94 |   1542 |   3089 |   4 | 1303.2 |
  Orcish Mines |   5256 |   5142 |    114 |    788 |   3859 |   2 | 2628.0 |
               +--------+--------+--------+--------+--------+-----+--------+

Top non-repeatable levels by time:
  Lair:4: 5278 daAuts
  Lair:1: 4329 daAuts
    D:11: 3541 daAuts
  Lair:5: 3419 daAuts
  Lair:2: 3348 daAuts
     D:7: 3218 daAuts
   Orc:2: 2753 daAuts
  Lair:3: 2691 daAuts
   Orc:1: 2503 daAuts
    D:14: 2475 daAuts
 Swamp:3: 2318 daAuts
     D:8: 2068 daAuts
    D:12: 2034 daAuts
    D:10: 1905 daAuts
     D:9: 1864 daAuts
